 Seeded DCSS version 0.30.0-15-g856e2d3f33 (webtiles) character file.

Game seed: 7715139206405850920 (custom seed)

14457 Pimp the Fighter (level 11, -1/102 HPs)
             Began as a Red Draconian Monk on May 18, 2023.
             Was an Elder of Vehumet.
             Slain by Jorgrun
             ... wielding a +0 heavy quarterstaff
              (6 damage)
             ... while petrified by Jorgrun
             ... on level 12 of the Dungeon.
             The game lasted 00:29:18 (11301 turns).

Pimp the Fighter (Red Draconian Monk)              Turns: 11301, Time: 00:29:19

Health: -1/102     AC: 11    Str: 27    XL:     11   Next: 89%
Magic:  18/18      EV:  2    Int: 12    God:    Vehumet [****..]
Gold:   558        SH:  0    Dex: 13    Spells: 15/20 levels left

rFire   + . .        y - +8 dire flail "Ciynluv" {holy, rN++ Str+4}
rCold   . . .        (shield currently unavailable)
rNeg    + + +        (body armour unavailable)
rPois   ∞            (helmet restricted)
rElec   .            z - +0 cloak
rCorr   .            K - +0 pair of gloves
SInv    +            x - +1 pair of boots
Will    .....        H - amulet of regeneration
Stlth   +            j - +6 ring of strength
HPRegen 1.17/turn    p - ring of see invisible
MPRegen 0.16/turn

%: no passive effects
@: petrified, slowed
A: breathe fire, AC +7, unfitting armour, fire resistance 1, cold-blooded
a: Breathe Fire, Renounce Religion


You were on level 12 of the Dungeon.
You worshipped Vehumet.
Vehumet was greatly pleased with you.
You visited 2 branches of the dungeon, and saw 13 of its levels.
You also visited: Sewer.

You collected 690 gold pieces.
You spent 132 gold pieces at shops.

Inventory:

Hand Weapons
 a - a +0 mace
 f - a +2 vampiric whip
 q - the +8 short sword "Tudiffar" {vamp, Will+++ rCorr Str+3 Dex-3}
   (You found it on level 2 of the Dungeon)

   Str:       It affects your strength (+3).
   Dex:       It affects your dexterity (-3).
   rCorr:     It protects you from acid and corrosion.
   Will:      It greatly increases your willpower.
 y - the +8 dire flail "Ciynluv" (weapon) {holy, rN++ Str+4}
   (You found it on level 5 of the Dungeon)

   Str:       It affects your strength (+4).
   rN:        It greatly protects you from negative energy.
Missiles
 o - 4 throwing nets (quivered)
Armour
 c - an orb of light
 x - a +1 pair of boots (worn)
 z - a +0 cloak (worn)
 K - a +0 pair of gloves (worn)
Jewellery
 j - a +6 ring of strength (left hand)
 m - a ring of positive energy
 p - a ring of see invisible (right hand)
 C - a ring of ice
 G - a ring of flight
 H - an amulet of regeneration (around neck)
 J - a ring of magical power
Wands
 w - a wand of charming (15)
 B - a wand of flame (19)
Scrolls
 l - 2 scrolls of enchant weapon
 s - 8 scrolls of teleportation
 t - 3 scrolls of magic mapping
 F - 9 scrolls of identify
 I - 2 scrolls of silence
Potions
 b - a potion of ambrosia
 d - 3 potions of lignification {unknown}
 e - 10 potions of curing
 g - 2 potions of mutation
 h - 2 potions of flight
 i - 3 potions of degeneration
 k - a potion of brilliance
 n - 3 potions of heal wounds
 r - a potion of invisibility {unknown}
 u - 2 potions of attraction {unknown}
 v - a potion of resistance {unknown}
 A - 4 potions of cancellation {unknown}
 D - a potion of haste {unknown}
 E - a potion of might {unknown}


   Skills:
 + Level 11.1 Fighting
 + Level 10.2 Maces & Flails
 + Level 9.4 Dodging
 + Level 5.0 Spellcasting
 + Level 5.4 Conjurations
 + Level 6.9 Fire Magic


You had 15 spell levels left.
You knew the following spells:

 Your Spells              Type           Power      Damage    Failure   Level
a - Fireball              Conj/Fire      8%         3d6       12%         5

Your spell library contained the following spells:

 Spells                   Type           Power      Damage    Failure   Level
 Yara's Violent Unravell  Hex/Tmut       1%         3d3       77%         5
 Foxfire                  Conj/Fire      68%        2x1d7     1%          1
 Kiss of Death            Conj/Necr      36%        2d8       1%          1
 Volatile Blastmotes      Fire/Tloc      22%        2d11      4%          3
 Sandblast                Erth           6%         2d5       5%          1
 Hailstorm                Conj/Ice       9%         3d4       5%          3
 Stone Arrow              Conj/Erth      18%        3d8       5%          3
 Mephitic Cloud           Conj/Pois/Air  7%         N/A       8%          3
 Fulminant Prism          Conj/Hex       4%         3d5       17%         4
 Iskenderun's Mystic Bla  Conj/Tloc      9%         2d4       17%         4
 Summon Small Mammal      Summ           12%        N/A       21%         1
 Ensorcelled Hibernation  Hex/Ice        6%         N/A       30%         2
 Passwall                 Tmut/Erth      2%         N/A       30%         2
 Arcjolt                  Conj/Air       4%         1d14      41%         5
 Irradiate                Conj/Tmut      4%         3d13      41%         5
 Starburst                Conj/Fire      8%         6d4       50%         6
 Call Canine Familiar     Summ           3%         N/A       52%         3
 Confusing Touch          Hex            3%         N/A       52%         3
 Portal Projectile        Hex/Tloc       6%         N/A       52%         3
 Spider Form              Tmut/Pois      3%         N/A       52%         3
 Summon Guardian Golem    Hex/Summ       3%         N/A       52%         3
 Tukima's Dance           Hex            3%         N/A       52%         3
 Vhi's Electric Charge    Tloc/Air       6%         N/A       52%         3
 Lee's Rapid Deconstruct  Erth           1%         3d4*      77%         5
 Plasma Beam              Fire/Air       5%         2x1d17    85%         6
 Anguish                  Hex/Necr       1%         N/A       89%         4
 Dispel Undead            Necr           3%         3d7       89%         4
 Blade Hands              Tmut           1%         N/A       99%         5
 Fire Storm               Conj/Fire      8%         8d2       100%        9


Dungeon Overview and Level Annotations

Branches:
Dungeon (12/15)            Temple (1/1) D:6            Lair (0/5) D:8
    Orc (0/2) D:9           Sewer (visited)

Altars:
Ashenzari
Fedhas
Gozag
Hepliaklqana
Makhleb
Qazlal
Ru
Sif Muna
Uskayaw
Vehumet
Wu Jian
Xom
Yredelemnul
The Shining One

Shops:
D:5 !

Annotations:
D:8 exclusion: oklob plant
D:11 2 transporters, BlasphemerAmon's ghost, journeyman MiFi
D:12 Jorgrun


Innate Abilities, Weirdness & Mutations

You can breathe blasts of fire.
Your fiery red scales are hard. (AC +7)
You cannot fit into any form of body armour.
Your flesh is heat resistant. (rF+)
You are cold-blooded and may be slowed by cold attacks.


Message History

Found a scroll of identify.
You hear a grinding noise.
You hear a grinding noise.
You feel yourself speed up.
You open the door.
Jorgrun shouts!
There is an open door here.
Jorgrun points at you and mumbles some strange words.
You are slowing down.
Your limbs are stiffening.
You have turned to stone.
Jorgrun hits you with a +0 heavy quarterstaff!
Jorgrun hits you with a +0 heavy quarterstaff!
Jorgrun points next to you and mumbles some strange words.
The wall shatters!
The blast of rock fragments hits you!
Jorgrun hits you with a +0 heavy quarterstaff!!
The wraith hits you but does no damage.
Jorgrun gestures next to you while chanting.
The wall shatters!
The blast of rock fragments hits you!
* * * LOW HITPOINT WARNING * * *
The wraith barely misses you.
Jorgrun points next to you and mumbles some strange words.
The wall shatters!
The blast of rock fragments hits you!
* * * LOW HITPOINT WARNING * * *
The wraith hits you.
* * * LOW HITPOINT WARNING * * *
The wraith drains your vigour!
You feel yourself slow down.
You hear a shout!
Jorgrun hits you with a +0 heavy quarterstaff!!
* * * LOW HITPOINT WARNING * * *
The wraith hits you!
* * * LOW HITPOINT WARNING * * *
The wraith drains your vigour!
You feel as though you will be slow longer.
The wraith hits you.
* * * LOW HITPOINT WARNING * * *
The wraith drains your vigour!
You feel as though you will be slow longer.
Jorgrun hits you with a +0 heavy quarterstaff!
You die...

.Wg....##................
##'######.....###.#############
... #.....# #....)........#
.... #.....# #############.#
..... #...^.+ ..# #.# .....
#.....####.# #.# ......
........#.# #.# ...####<#.# #.#
......g@..##########.#
......W.....#........#
.........##.#.########
.....##'###.#.#######
.....##.....#........
.............########
.......)........#
.#...........##.#
.............# #


You could see Jorgrun and a wraith.

Vanquished Creatures
  Josephine (D:11)
  4 two-headed ogres
  Erica (D:11)
  Amaemon (D:9)
  Pikel (D:7)
  Maggie (D:6)
  Joseph (D:7)
  An orange demon (D:9)
  3 kobold demonologists
  2 trolls
  A hornet (D:10)
  A shadow (D:11)
  15 yaks (D:9)
  Eustachio (D:6)
  5 wraiths
  A steam dragon (D:8)
  2 vampire mosquitoes (D:10)
  Menkaure (D:6)
  2 acid dragons
  A water moccasin (D:4)
  5 orc warriors
  2 sky beasts
  A black bear (D:6)
  3 centaurs
  A phantom (D:6)
  5 bullfrogs
  A kobold brigand (D:10)
  A gnoll sergeant (D:5)
  3 scorpions
  4 wights (D:9)
  9 killer bees
  2 howler monkeys
  4 hounds
  2 gnoll boudas
  8 jellies
  3 orc priests
  2 sleepcaps
  2 iguanas (D:4)
  8 orc wizards
  13 gnolls
  2 river rats (D:6)
  12 adders
  3 shadow imps
  5 white imps
  2 ufetubi
  4 worms
  A dart slug (D:2)
  35 orcs
  15 ball pythons
  21 endoplasms
  9 giant cockroaches
  8 hobgoblins
  7 jackals (D:1)
  22 quokkas
  7 bats
  9 frilled lizards
  7 goblins
  7 kobolds
  7 rats
308 creatures vanquished.

Vanquished Creatures (others)
  A kobold (D:10)
1 creature vanquished.

Grand Total: 309 creatures vanquished

Notes
Turn   | Place    | Note
-------+----------+-------------------------------------------
     0 | D:1      | Pimp the Draconian Monk began the quest for the Orb.
     0 | D:1      | Reached XP level 1. HP: 19/19 MP: 1/1
    82 | D:1      | Reached XP level 2. HP: 22/26 MP: 2/2
   856 | D:2      | Reached XP level 3. HP: 33/33 MP: 3/3
   908 | D:2      | Reached skill level 4 in Fighting
   936 | D:2      | Found a blossoming altar of Fedhas.
   976 | D:2      | Identified the +8 short sword "Tudiffar" {vamp, Will+++
                  | rCorr Str+3 Dex-3}
  1042 | D:2      | Reached XP level 4. HP: 37/40 MP: 4/4
  2059 | D:3      | Reached XP level 5. HP: 47/47 MP: 5/5
  2426 | D:4      | Reached skill level 5 in Fighting
  2426 | D:4      | Reached XP level 6. HP: 56/56 MP: 6/6
  2513 | D:4      | Noticed an orc warrior
  2525 | D:4      | Killed an orc warrior
  2824 | D:4      | Reached skill level 5 in Maces & Flails
  3159 | D:5      | Entered Level 5 of the Dungeon
  3159 | D:5      | Noticed a water moccasin
  3168 | D:4      | Killed a water moccasin
  3169 | D:4      | Your scales start taking on a fiery red colour.
  3169 | D:4      | Reached XP level 7. HP: 48/62 MP: 7/7
  3169 | D:4      | Gained mutation: Your flesh is heat resistant. (rF+) [Red
                  | Draconian growth]
  3244 | D:5      | Identified the +8 dire flail "Ciynluv" {holy, rN++ Str+4}
  3273 | D:5      | Reached skill level 6 in Fighting
  3273 | D:5      | Reached skill level 5 in Dodging
  3621 | D:5      | Found Ydeutzom's Distillery.
  3630 | D:5      | Bought a potion of curing for 36 gold pieces
  3630 | D:5      | Bought a potion of mutation for 96 gold pieces
  3703 | D:5      | Found a basalt altar of Yredelemnul.
  3955 | D:6      | Reached XP level 8. HP: 62/71 MP: 8/8
  4080 | D:6      | Noticed Menkaure
  4087 | D:6      | Killed Menkaure
  4319 | D:6      | Reached skill level 7 in Fighting
  4399 | D:6      | Found a glowing drain.
  4403 | Sewer    | Entered a sewer
  4800 | D:6      | Found a staircase to the Ecumenical Temple.
  4835 | Temple   | Entered the Ecumenical Temple
  4846 | Temple   | Became a worshipper of Vehumet
  4846 | Temple   | Reached * piety under Vehumet
  4846 | Temple   | Offered knowledge of Freeze by Vehumet.
  4846 | Temple   | Reached ** piety under Vehumet
  4896 | D:6      | Noticed Maggie
  4922 | D:6      | Killed Maggie
  4923 | D:6      | Reached skill level 8 in Fighting
  5069 | D:6      | Offered knowledge of Searing Ray by Vehumet.
  5070 | D:6      | Reached XP level 9. HP: 79/81 MP: 9/9
  5237 | D:6      | Noticed Eustachio
  5244 | D:6      | Killed Eustachio
  5601 | D:7      | Noticed Pikel
  5604 | D:7      | Killed Pikel
  5623 | D:6      | Reached skill level 9 in Fighting
  5717 | D:7      | Found a stormy altar of Qazlal.
  5820 | D:7      | Found a shimmering altar of Xom.
  5821 | D:7      | Offered knowledge of Mephitic Cloud by Vehumet.
  5830 | D:7      | Learned a level 5 spell: Fireball
  5865 | D:7      | Found a broken altar of Ashenzari.
  5880 | D:7      | Noticed Joseph
  5889 | D:7      | Killed Joseph
  5890 | D:7      | Reached skill level 1 in Conjurations
  5890 | D:7      | Reached skill level 1 in Fire Magic
  6011 | D:7      | Reached skill level 1 in Spellcasting
  6456 | D:8      | Noticed an oklob plant
  6460 | D:8      | Reached XP level 10. HP: 88/91 MP: 12/12
  6463 | D:8      | Reached *** piety under Vehumet
  6787 | D:8      | Found a staircase to the Lair.
  7265 | D:9      | Noticed an orange demon
  7270 | D:9      | Noticed Amaemon
  7271 | D:9      | Identified a scroll of acquirement
  7271 | D:9      | Acquired Luro Huo's Monograph on Traumaturgy
  7281 | D:9      | Killed an orange demon
  7289 | D:9      | Killed Amaemon
  7303 | D:9      | Offered knowledge of Airstrike by Vehumet.
  7324 | D:9      | Found a staircase to the Orcish Mines.
  7346 | D:9      | HP: 2/93 [orc priest/divine providence (13)]
  7860 | D:9      | Reached skill level 10 in Fighting
  7876 | D:9      | Reached **** piety under Vehumet
  8230 | D:9      | Reached XP level 11. HP: 97/100 MP: 16/16
  8312 | D:9      | Reached skill level 5 in Fire Magic
  8634 | D:10     | Entered Level 10 of the Dungeon
  8673 | D:10     | Offered knowledge of Yara's Violent Unravelling by Vehumet.
  8807 | D:10     | Paralysed by a hornet for 3 turns
  9186 | D:10     | Noticed Josephine
  9197 | D:10     | Noticed a two-headed ogre
  9378 | D:10     | Noticed a two-headed ogre
  9390 | D:10     | Killed a two-headed ogre
  9402 | D:10     | Noticed a sun demon
  9412 | D:11     | Killed Josephine
  9576 | D:11     | Noticed a soul eater
  9681 | D:10     | Killed a two-headed ogre
 10709 | D:11     | Found a transporter.
 10717 | D:11     | Found a transporter.
 10721 | D:11     | Noticed BlasphemerAmon's ghost (journeyman MiFi)
 10724 | D:11     | Noticed Erica
 10736 | D:11     | Killed Erica
 10737 | D:11     | Reached skill level 10 in Maces & Flails
 10737 | D:11     | Reached skill level 5 in Conjurations
 10834 | D:11     | Noticed a two-headed ogre
 10843 | D:11     | Killed a two-headed ogre
 10853 | D:11     | Identified the +6 chain mail of Cynicism {*Slow Str+3 Dex+3
                  | Stlth+}
 11121 | D:12     | Reached skill level 11 in Fighting
 11186 | D:12     | Noticed a two-headed ogre
 11195 | D:12     | Killed a two-headed ogre
 11196 | D:12     | Reached skill level 5 in Spellcasting
 11267 | D:12     | Noticed a deep elf pyromancer
 11271 | D:12     | Noticed Jorgrun
 11300 | D:12     | HP: 4/102 [wraith (4)]
 11301 | D:12     | Slain by Jorgrun

Illustrated notes

Levels and vault maps discovered:
D:1:      heliophobic_arrival_enchanted_forest, layout_basic
D:2:      layout_basic, basic_altar
D:3:      layout_basic
D:4:      layout_cave_pods, kennysheep_generic_room_10
D:5:      layout_rooms, old_standard_altar, serial_shops, nicolae_shop_trees
D:6:      layout_basic, minmay_temple_entry_tees, gup_sewer_entry_spiral,
          uniq_eustachio, uniq_menkaure, uniq_maggie
D:7:      layout_rooms, xom_teletrap_fun, amcnicky_altar_gilded,
          evilmike_ruin_ashenzari, uniq_pikel, uniq_joseph
D:8:      lemuel_slime, layout_basic, lair_entry_dummy
D:9:      layout_basic, erik_orc_4, uniq_amaemon
D:10:     layout_basic, st_stairs_6, uniq_josephine
D:11:     layout_cave_pools, gammafunk_ghost_stat_death, uniq_erica
D:12:     gammafunk_jiyva_shrine, layout_basic, uniq_jorgrun
Temple:   eino_narrow_crystal_temple

Skill      XL: |  1  2  3  4  5  6  7  8  9 10 11 |
---------------+----------------------------------+-----
Dodging        | 3 4 5 6 8 9 |  9.4
Fighting       | 4 5 6 8 9 10 11 | 11.1
Maces & Flails | 4 5 6 7 8 9 10 | 10.2
Conjurations   | 1 3 5 |  5.4
Fire Magic     | 2 4 6 |  6.9
Spellcasting   | 1 3 5 |  5.0

Action                     |  1- 3 |  4- 6 |  7- 9 | 10-12 || total
---------------------------+-------+-------+-------+-------++-------
  Melee: Mace              |    19 |       |       |       ||    19
         Tailslap          |    10 |    15 |    34 |    34 ||    93
         Whip              |    50 |       |       |       ||    50
         Short sword       |     9 |   126 |     6 |       ||   141
         Dire flail        |       |       |   313 |   293 ||   606
   Cast: Fireball          |       |       |       |     2 ||     2
Ability: Breathe Fire      |       |       |     1 |     1 ||     2
    Use: Scroll            |       |       |    12 |     6 ||    18
         Potion            |       |       |       |     2 ||     2
 Armour: Skin              |    20 |    24 |   113 |    68 ||   225
  Dodge: Dodged            |    40 |    86 |   275 |   224 ||   625
